 Dungeon Crawl Stone Soup version 0.21.1-1-g345015fe64 (webtiles) character file.

127 Jyngge the Shield-Bearer (level 4, 0/40 HPs)
             Began as a Minotaur Fighter on June 21, 2018.
             Slain by Sigmund
             ... wielding a +0 scythe
              (8 damage)
             ... on level 2 of the Dungeon.
             The game lasted 00:11:34 (1772 turns).

Jyngge the Shield-Bearer (Minotaur Fighter)         Turns: 1772, Time: 00:11:38

Health: 0/40       AC:  7    Str: 21    XL:     4   Next: 85%
Magic:  3/3        EV:  7    Int:  5    God:
Gold:   40         SH:  0    Dex: 10    Spells: 3/3 levels left

rFire    . . .     SeeInvis .   a - +0 war axe
rCold    . . .     Gourm    .   c - +0 shield
rNeg     . . .     Faith    .   b - +0 scale mail
rPois    .         Spirit   .   (helmet restricted)
rElec    .         Reflect  +   (no cloak)
rCorr    .         Harm     .   (no gloves)
MR       .....                  (no boots)
Stlth    ..........             m - +2 amulet of reflection
HPRegen  0.13/turn              (no ring)
MPRegen  0.08/turn              (no ring)

@: confused
A: retaliatory headbutt, horns 2
a: no special abilities


You were on level 2 of the Dungeon.
You were not hungry.

You visited 1 branch of the dungeon, and saw 3 of its levels.

You collected 40 gold pieces.

Inventory:

Hand Weapons
 a - a +0 war axe (weapon)
 k - a cursed -1 dagger
 l - a +3 spear
Armour
 b - a +0 scale mail (worn)
 c - a +0 shield (worn)
 s - a +0 helmet
Jewellery
 m - a +2 amulet of reflection (around neck)
 q - an uncursed ring of fire {unknown}
Scrolls
 e - 3 scrolls of identify {unknown}
 i - a scroll of blinking {unknown}
 j - a scroll of immolation {unknown}
 p - a scroll of remove curse {unknown}
Potions
 d - a potion of might
 g - a potion of curing {unknown}
 n - a potion of lignification {unknown}
 o - a potion of brilliance {unknown}
 r - a potion of invisibility {unknown}
Comestibles
 f - 3 rations


   Skills:
 * Level 4.2 Fighting
 * Level 4.1 Axes
 * Level 4.4 Armour
 + Level 0.6 Dodging
 * Level 4.6 Shields


You had 3 spell levels left.
You didn't know any spells.

Dungeon Overview and Level Annotations

Branches:
Dungeon (3/15)

Altars:

Annotations:
D:2 Sigmund


Innate Abilities, Weirdness & Mutations

You reflexively headbutt those who attack you in melee.
You have a pair of horns on your head.


Message History

The orc priest hits you but does no damage.
You closely miss the orc. Your headbutt misses the orc.
The orc is moderately wounded.
You completely miss something. You barely miss the orc priest.
You closely miss the orc priest.
The orc priest hits you but does no damage.
Something hits you. The orc barely misses you.
The orc priest invokes the aid of Beogh against you.
Beogh smites you!
* * * LOW HITPOINT WARNING * * *
The orc priest hits you with a whip.
* * * LOW HITPOINT WARNING * * *
You closely miss the orc priest.
The orc priest is moderately wounded.
You hit the orc priest but do no damage.
You miss the orc. You miss something. The orc closely misses you.
The orc priest closely misses you.
The orc priest hits you but does no damage.
Something hits you!
You die...

#.# #.###≈≈≈≈≈≈###.# #.# ###
##≈≈≈≈## #.#
#.############### ##.##
#...............###...##
#.###.###..............#
#.....# ###..######....#
#.###.# #..# ##.#.# #.# #.#
#oo# #...### # #.# #.# #o@#
#.....# #
#.###.#####{)########.##.####
#..>........)......##.##.#...
##....#.####.###...........##
#.##........###.###..##.####
#.####.###......# #..#......
#.# #.# #.####.###..#..####
#.####.###.####.............
#.....................#.###.


You could see 2 orc priests and an orc.

Vanquished Creatures
  An orc wizard (D:2)
  Robin (D:2)
  An adder (D:2)
  3 oozes (D:2)
  2 worms
  4 dart slugs
  A leopard gecko (D:2)
  7 bats
  17 goblins
  3 hobgoblins (D:2)
  2 quokkas (D:2)
  A ball python (D:2)
  5 frilled lizards
  2 kobolds (D:1)
  9 rats
59 creatures vanquished.

Notes
Turn   | Place    | Note
-------+----------+-------------------------------------------
     0 | D:1      | Jyngge the Minotaur Fighter began the quest for the Orb.
     0 | D:1      | Reached XP level 1. HP: 19/19 MP: 0/0
   130 | D:1      | Reached XP level 2. HP: 25/27 MP: 1/1
   787 | D:1      | Reached XP level 3. HP: 19/33 MP: 2/2
  1082 | D:2      | Noticed Robin
  1091 | D:2      | Killed Robin
  1208 | D:2      | Reached XP level 4. HP: 40/40 MP: 3/3
  1765 | D:3      | Noticed Sigmund
  1772 | D:2      | Slain by Sigmund

Skill      XL: |  1  2  3  4 |
---------------+-------------+-----
Shields        | 4 |  4.6
Armour         | 4 |  4.4
Fighting       | 4 |  4.2
Axes           | 3 4 |  4.1
Dodging        | |  0.6

Action                   |  1- 3 |  4- 6 || total
-------------------------+-------+-------++-------
Melee: War axe           |    94 |    51 ||   145
       Headbutt          |    15 |     8 ||    23
  Eat: Chunk             |     1 |     2 ||     3
Armor: Scale mail        |    42 |    34 ||    76
Dodge: Dodged            |    33 |    18 ||    51
Block: Shield            |    55 |    40 ||    95
       Reflection        |       |     2 ||     2
